 Dungeon Crawl Stone Soup version 0.31.0-11-ge490571c62 (webtiles) character file.

Game seed: 17639477290919291463

604 qw the Skirmisher (level 7, -5/40 HPs)
             Began as a Deep Elf Hunter on Feb 5, 2024.
             Incinerated by a bombardier beetle (6 damage)
             ... with a burning spray
             ... on level 5 of the Dungeon.
             The game lasted 00:01:21 (3334 turns).

qw the Skirmisher (Deep Elf Hunter)                 Turns: 3334, Time: 00:01:22

Health: -5/40      AC: 10    Str: 10    XL:     7   Next: 18%
Magic:  9/9        EV: 11    Int: 14    God:
Gold:   343        SH:  0    Dex: 18    Spells: 6/6 levels left

rFire   . . .        a - +1 shortbow
rCold   . . .        (shield currently unavailable)
rNeg    . . .        j - +0 ring mail
rPois   .            d - +2 hat
rElec   .            (no cloak)
rCorr   .            (no gloves)
SInv    .            m - +0 pair of boots {rampage}
Will    .....        (no amulet)
Stlth   +            (no ring)
HPRegen 0.26/turn    (no ring)
MPRegen 0.11/turn

%: rampage
@: on fire, about to teleport, glowing
A: hooves 1, horns 1, iridescent scales 1, MP-powered wands
a: no special abilities


You were on level 5 of the Dungeon.
You visited 1 branch of the dungeon, and saw 5 of its levels.
You also visited: Sewer.

You collected 343 gold pieces.


Innate Abilities, Weirdness & Mutations

You have large cloven feet.
You have a pair of small horns on your head.
You are partially covered in iridescent scales. (AC +2)
You expend magic power (3 MP) to strengthen your wands.


   Skills:
 - Level 2.6 Fighting
 + Level 10.3 Ranged Weapons
 - Level 1.0 Armour
 - Level 3.5 Dodging
 - Level 1.2 Stealth


You had 6 spell levels left.
You didn't know any spells.
Your spell library was empty.

Inventory:

Hand Weapons
 a - a +1 shortbow (weapon)
Armour
 d - a +2 hat (worn)
 j - a +0 ring mail (worn)
 m - a +0 pair of boots of rampaging (worn)
Wands
 g - a wand of mindburst (15)
Potions
 c - a potion of curing
 e - a potion of mutation
 k - a potion of might
 l - a potion of enlightenment

Dungeon Overview and Level Annotations

Branches:
Dungeon (5/15)              Sewer (visited)
 Temple: D:4-7

Altars:
Dithmenos
Gozag
Makhleb
Vehumet
Zin

Annotations:
D:4 1 runed translucent door, Crazy Yiuf


Message History

The liquid fire burns you!
You shoot an arrow.
The arrow hits the bombardier beetle but does no damage.
The liquid fire burns you!
You shoot an arrow.
The arrow hits the bombardier beetle but does no damage.
The liquid fire burns you!
You shoot an arrow.
The arrow barely misses the bombardier beetle.
The liquid fire burns you!
The bombardier beetle sprays incendiary fluid at you.
The burning spray hits you.
You are even more covered in liquid fire!
You shoot an arrow.
The arrow barely misses the bombardier beetle.
The liquid fire burns you!
You shoot an arrow. The arrow hits the bombardier beetle.
The bombardier beetle is moderately wounded.
The liquid fire burns you!
The bombardier beetle sprays incendiary fluid at you.
The burning spray hits you.
You are even more covered in liquid fire!
You shoot an arrow.
The arrow barely misses the bombardier beetle.
The liquid fire burns you!
3332 ||| READING scroll of teleportation.
As you read the scroll of teleportation, it crumbles to dust.
You feel strangely unstable. The liquid fire burns you!
The bombardier beetle sprays incendiary fluid at you.
The burning spray hits you.
You are even more covered in liquid fire!
You shoot an arrow. The arrow hits the bombardier beetle!
The bombardier beetle is severely wounded.
The liquid fire burns you!
You shoot an arrow.
The arrow hits the bombardier beetle but does no damage.
The bombardier beetle is severely wounded.
The liquid fire burns you!
You die...

## #. ... ..
##
....####.##
#..
..#.....##..#
..........# #
#.......# #.
#......#
##.###@B#
#.......#
...#...###
#....#
#....## ##
#.#...## ..
#..#...##.#
#..##..<.#
.... ##).##


You could see a bombardier beetle.

Vanquished Creatures
  Pargi (Sewer)
  A brain worm (Sewer)
  A bullfrog (D:4)
  Blork the orc (D:4)
  A bombardier beetle (D:3)
  A jelly (D:3)
  An orc priest (D:4)
  A sleepcap (D:4)
  An orc wizard (D:5)
  6 adders
  2 ufetubi (D:5)
  7 dart slugs
  5 orcs
  3 ball pythons
  13 bats
  5 endoplasms (D:1)
  A giant cockroach (D:3)
  11 goblins
  4 hobgoblins
  12 jackals
  4 quokkas
  A frilled lizard (D:2)
  3 kobolds
  5 rats
91 creatures vanquished.

Notes
Turn   | Place    | Note
-------+----------+-------------------------------------------
     0 | D:1      | qw the Deep Elf Hunter began the quest for the Orb.
     0 | D:1      | Reached XP level 1. HP: 12/12 MP: 3/3
     0 | D:1      | 0 ||| qw: Version: 0.3-a-160-g6735b56
     0 | D:1      | 0 ||| qw: Game counter: 6447
     0 | D:1      | 0 ||| qw: Melee chars always use a shield: true
     0 | D:1      | 0 ||| qw: God list: Okawaru
     0 | D:1      | 0 ||| qw: Allow faded altars: false
     0 | D:1      | 0 ||| qw: Do Orc after clearing Dungeon:15 true
     0 | D:1      | 0 ||| qw: Do second Lair branch before Depths: true
     0 | D:1      | 0 ||| qw: Lair rune preference: random
     0 | D:1      | 0 ||| qw: Goals: Normal
     0 | D:1      | 0 ||| PLANNING D:1-11
   119 | D:1      | Reached skill level 6 in Ranged Weapons
   119 | D:1      | Reached XP level 2. HP: 16/16 MP: 4/4
   368 | D:1      | Reached XP level 3. HP: 20/20 MP: 5/5
   718 | D:1      | 718 ||| UPGRADING to +2 hat.
   723 | D:1      | 723 ||| DRINKING 2 bubbling puce potions.
   723 | D:1      | Gained mutation: You are partially covered in iridescent
                  | scales. (AC +2) [potion of mutation]
   723 | D:1      | Gained mutation: You have a pair of small horns on your
                  | head. [potion of mutation]
   723 | D:1      | Gained mutation: You have hidden genetic potential. [potion
                  | of mutation]
   724 | D:1      | 724 ||| DROPPING scroll of butterflies.
  1036 | D:2      | Reached skill level 7 in Ranged Weapons
  1169 | D:2      | Found a glowing silver altar of Zin.
  1409 | D:2      | Reached XP level 4. HP: 25/25 MP: 6/6
  1512 | D:2      | 1512 ||| READING scroll labelled QUH JEUFO ORY.
  1517 | D:2      | 1517 ||| READING 4 scrolls labelled DEPA KUASHRAME.
  1518 | D:2      | 1518 ||| READING scroll labelled SIROPHIEWA.
  1518 | D:2      | 1518 ||| IDENTIFYING glowing golden potion
  1519 | D:2      | 1519 ||| DRINKING 2 metallic dark potions.
  1520 | D:2      | 1520 ||| DROPPING 3 scrolls of noise.
  1521 | D:2      | 1521 ||| DROPPING potion of invisibility.
  1539 | D:3      | Found a shadowy altar of Dithmenos.
  1588 | D:3      | Gained mutation: You expend magic power (3 MP) to
                  | strengthen your wands. [hidden potential]
  1776 | D:3      | Reached skill level 8 in Ranged Weapons
  1781 | D:3      | Found a radiant altar of Vehumet.
  2043 | D:3      | Reached XP level 5. HP: 29/29 MP: 7/7
  2256 | D:3      | 2256 ||| UPGRADING to +0 scale mail.
  2266 | D:3      | 2266 ||| DROPPING +0 leather armour.
  2267 | D:3      | 2267 ||| UPGRADING to +0 ring mail.
  2277 | D:3      | 2277 ||| DROPPING +0 scale mail.
  2278 | D:3      | 2278 ||| UPGRADING to +0 pair of boots of rampaging.
  2283 | D:3      | 2283 ||| READING 3 scrolls of identify.
  2283 | D:3      | 2283 ||| IDENTIFYING fuming clear potion
  2284 | D:3      | 2284 ||| READING 2 scrolls of identify.
  2284 | D:3      | 2284 ||| IDENTIFYING smoky coppery potion
  2316 | D:4      | 2316 ||| PLANNING SEWER
  2321 | D:4      | 2321 ||| STAIRDANCE
  2324 | D:3      | Gained mutation: You have large cloven feet. [hidden
                  | potential]
  2324 | D:3      | Lost mutation: You have hidden genetic potential. [hidden
                  | potential expressed]
  2326 | D:4      | 2326 ||| STAIRDANCE
  2364 | D:4      | Found a glowing drain.
  2373 | Sewer    | Entered a sewer
  2406 | Sewer    | Reached skill level 9 in Ranged Weapons
  2411 | Sewer    | Noticed Pargi
  2412 | Sewer    | 2412 ||| ZAPPING wand of mindburst (16) at 7,0 (Pargi;
                  | floor).
  2422 | Sewer    | Killed Pargi
  2423 | Sewer    | Reached XP level 6. HP: 31/36 MP: 5/8
  2483 | Sewer    | 2483 ||| READING 2 scrolls of identify.
  2483 | Sewer    | 2483 ||| IDENTIFYING scroll labelled HISMIYR UXAPPOODIM
  2484 | Sewer    | 2484 ||| READING scroll of enchant weapon.
  2484 | Sewer    | 2484 ||| ENCHANTING +0 shortbow.
  2493 | D:4      | 2493 ||| PLANNING D:1-11
  2605 | D:4      | Reached skill level 10 in Ranged Weapons
  2618 | D:4      | Noticed Blork the orc
  2628 | D:4      | Killed Blork the orc
  2629 | D:4      | Reached skill level 3 in Dodging
  2645 | D:4      | Found an opulent altar of Gozag.
  2951 | D:4      | Found a runed translucent door.
  2952 | D:4      | Noticed Crazy Yiuf
  3000 | D:4      | Found a burning altar of Makhleb.
  3102 | D:4      | 3102 ||| READING 2 scrolls of identify.
  3102 | D:4      | 3102 ||| IDENTIFYING 2 pink potions
  3103 | D:4      | 3103 ||| READING scroll of identify.
  3103 | D:4      | 3103 ||| IDENTIFYING scroll labelled ARISOE FINNIYCK
  3104 | D:4      | 3104 ||| DROPPING scroll of immolation.
  3139 | D:5      | Entered Level 5 of the Dungeon
  3140 | D:5      | 3140 ||| STAIRDANCE
  3148 | D:5      | 3148 ||| STAIRDANCE
  3150 | D:4      | HP: 8/36 [sleepcap (7)]
  3151 | D:4      | 3151 ||| READING 2 scrolls of teleportation.
  3152 | D:4      | 3152 ||| DRINKING potion of heal wounds.
  3253 | D:4      | Reached skill level 1 in Armour
  3253 | D:4      | Reached XP level 7. HP: 40/40 MP: 9/9
  3279 | D:5      | 3279 ||| STAIRDANCE
  3305 | D:5      | 3305 ||| DRINKING 2 potions of curing.
  3305 | D:5      | 3305 ||| (to cure confusion)
  3331 | D:5      | HP: 9/40 [burnt (2)]
  3332 | D:5      | 3332 ||| READING scroll of teleportation.
  3333 | D:5      | HP: 1/40 [burnt (5)]
  3334 | D:5      | Incinerated by a bombardier beetle

Levels and vault maps discovered:
D:1:      wheals_arrival_shading, layout_basic, minivault_26
D:2:      layout_basic, basic_altar
D:3:      layout_loops_ring, nicolae_dithmenos_shadow_blocks, vehumet_crystals
D:4:      layout_cave_pools, grunt_gozag_statues, kennysheep_little_box,
          cheibrodos_sewer_entry_drain, uniq_crazy_yiuf_cottage,
          uniq_blork_the_orc
D:5:      layout_layer_cave, eat_drink_and_be_merry_uskayaw,
          minmay_temple_entry_antechambers, kennysheep_generic_room_4

Skill      XL: |  1  2  3  4  5  6 |
---------------+-------------------+-----
Ranged Weapons | 6 7 8 9 10 | 10.3
Fighting       | 2 |  2.6
Dodging        | 3 |  3.5
Armour         | 1 |  1.0
Stealth        | |  1.2

Action                     |  1- 3 |  4- 6 |  7- 9 || total
---------------------------+-------+-------+-------++-------
   Fire: Shortbow          |    91 |   178 |    39 ||   308
  Evoke: Wand              |       |     1 |       ||     1
    Use: Potion            |     1 |     2 |     1 ||     4
         Scroll            |       |    10 |     1 ||    11
 Armour: Leather armour    |    21 |    26 |       ||    47
         Ring mail         |       |    47 |    12 ||    59
  Dodge: Dodged            |    17 |    59 |     8 ||    84

Table legend:
 A = Non-vault XP
 B = Vault XP
 C = Vault XP percentage of total XP
 D = Non-vault monster count
 E = Vault monster count
 F = Vault count percentage of total count
                 A         B        C        D         E       F
            +---------+---------+-------+---------+---------+-------
      Total |     536 |     327 |  37.9 |      80 |      11 |  12.1
            +---------+---------+-------+---------+---------+-------
        D:1 |      59 |       0 |   0.0 |      30 |       0 |   0.0
        D:2 |      40 |       0 |   0.0 |       9 |       0 |   0.0
        D:3 |     153 |       1 |   0.6 |      21 |       1 |   4.5
        D:4 |     233 |      88 |  27.4 |      17 |       2 |  10.5
        D:5 |      51 |       0 |   0.0 |       3 |       0 |   0.0
      Sewer |       0 |     238 | 100.0 |       0 |       8 | 100.0
            +---------+---------+-------+---------+---------+-------
